 Dungeon Crawl Stone Soup version 0.27-a0-46-g34d46f0a3f (webtiles) character file.

Game seed: 14886499752198564798

13 Borgoz the Ruffian (level 2, -11/26 HPs)
             Began as a Ghoul Monk on Jan 6, 2021.
             Killed from afar by a leopard gecko (35 damage)
             ... with an exploding inner flame
             ... on level 1 of the Dungeon.
             The game lasted 00:00:21 (329 turns).

Borgoz the Ruffian (Ghoul Monk)                      Turns: 329, Time: 00:00:22

Health: -11/26     AC:  2    Str: 14    XL:     2   Next: 37%
Magic:  1/1        EV: 13    Int:  5    God:
Gold:   18         SH:  0    Dex: 11    Spells: 1/1 levels left

rFire    . . .     SeeInvis .     - Unarmed
rCold    + . .     Faith    .   (no shield)
rNeg     + + +     Spirit   .   a - +0 robe
rPois    ∞         Reflect  .   (no helmet)
rElec    .         Harm     .   (no cloak)
rCorr    .         Rampage  .   (no gloves)
Will     .....                  (no boots)
Stlth    ++........             (no amulet)
HPRegen  0.08/turn              (no ring)
MPRegen  0.07/turn              (no ring)

@: no status effects
A: claws 1, cold resistance 1, negative energy resistance 3, inhibited
regeneration, torment resistance, unbreathing
a: no special abilities


You were on level 1 of the Dungeon.
You visited 1 branch of the dungeon, and saw 1 of its levels.

You collected 18 gold pieces.

Inventory:

Armour
 a - a +0 robe (worn)


   Skills:
 + Level 3.4 Fighting
 * Level 3.0 Dodging
 - Level 2.1 Stealth
 * Level 3.6 Unarmed Combat


You had one spell level left.
You didn't know any spells.
Your spell library was empty.

Dungeon Overview and Level Annotations

Branches:
Dungeon (1/15)

Altars:


Innate Abilities, Weirdness & Mutations

You thrive by killing the living.
You are immune to poison.
You have sharp fingernails.
Your flesh is cold resistant. (rC+)
You are immune to negative energy. (rN+++)
You do not regenerate when monsters are visible.
You are immune to unholy pain and torment.
You can survive without breathing.


Message History

Found a stone staircase leading down.
b - a scroll labelled PARAVV FOCLINUE You now have 18 gold pieces (gained 8).
You open the door.
A leopard gecko comes into view.
The leopard gecko hisses angrily.
The leopard gecko bites you.
Found a robe.
As you read the scroll labelled PARAVV FOCLINUE, it crumbles to dust.
The creatures around you are filled with an inner flame!
It was a scroll of immolation.
The leopard gecko barely misses you.
You scratch the leopard gecko.
Flame seeps out of the leopard gecko. x2
You claw the leopard gecko.
The leopard gecko is severely wounded.
The leopard gecko is engulfed in blazing flames.
You feel better.
The leopard gecko explodes!
The fiery explosion engulfs you!!
Ouch! That really hurt!
You die...

##### #...#
#...# #...#
##...#
#....+
#...§#######
#>..@○§.[...
#...§#######
#.####
#.#####
#.....#
#.....#
#.....#
#.....#
#.....#


There were no monsters in sight!

Vanquished Creatures
  A gnoll (D:1)
  A leopard gecko (D:1)
  A goblin (D:1)
  A hobgoblin (D:1)
4 creatures vanquished.

Vanquished Creatures (others)
  A toadstool (D:1)
1 creature vanquished.

Grand Total: 5 creatures vanquished

Notes
Turn   | Place    | Note
-------+----------+-------------------------------------------
     0 | D:1      | Borgoz the Ghoul Monk began the quest for the Orb.
     0 | D:1      | Reached XP level 1. HP: 19/19 MP: 0/0
   137 | D:1      | Reached XP level 2. HP: 13/26 MP: 1/1
   329 | D:1      | Killed from afar by a leopard gecko

Illustrated notes

Levels and vault maps discovered:
D:1:      nagdon_arrival_zigzag_paths, layout_basic

Skill      XL: |  1 |
---------------+----+-----
Dodging        | 3 |  3.0
Fighting       | |  3.4
Stealth        | |  2.1
Unarmed Combat | |  3.6

Action                   || total
-------------------------++-------
Melee: Unarmed           ||    15
       Punch             ||     1
  Use: Scroll            ||     1
 Stab: Sleeping          ||     1
Dodge: Dodged            ||     8

Table legend: (Time is in decaauts)
 A = Elapsed time spent in this place.
 B = Non-inter-level travel time spent in this place.
 C = Inter-level travel time spent in this place.
 D = Time resting spent in this place.
 E = Time spent auto-exploring this place.
 F = Levels seen in this place.
 G = Mean time per level.
                   A        B        C        D        E       F      G
               +--------+--------+--------+--------+--------+-----+--------+
         Total |    327 |    327 |      0 |    158 |    140 |   1 |  327.0 |
       Dungeon |    327 |    327 |      0 |    158 |    140 |   1 |  327.0 |
               +--------+--------+--------+--------+--------+-----+--------+

Top non-repeatable levels by time:
     D:1: 327 daAuts
